 Dungeon Crawl Stone Soup version 0.28.0 (webtiles) character file.

Game seed: 15840931300461143666

4 dolemite99 the Chopper (level 1, -12/16 HPs)
             Began as a Demonspawn Gladiator on Feb 15, 2022.
             Killed from afar by a rime drake (shapeshifter) (21 damage)
             ... with a flash freeze
             ... on level 1 of the Abyss.
             The game lasted 00:00:50 (236 turns).

dolemite99 the Chopper (Demonspawn Gladiator)        Turns: 236, Time: 00:00:50

Health: -12/16     AC:  4    Str: 14    XL:     1   Next: 58%
Magic:  1/1        EV: 12    Int:  9    God:
Gold:   17         SH:  0    Dex: 14    Spells: 0/0 levels left

rFire   . . .      SeeInvis .   a - +0 war axe
rCold   . . .      Faith    .   (no shield)
rNeg    . . .      Spirit   .   b - +0 leather armour
rPois   .          Reflect  .   c - +0 helmet
rElec   .          Harm     .   (no cloak)
rCorr   .          Rampage  .   (no gloves)
Will    .....                   (no boots)
Stlth   +.........              (no amulet)
HPRegen 0.05/turn               (no ring)
MPRegen 0.07/turn               (no ring)

@: no status effects
A: no striking features
a: no special abilities


You were on level 1 of the Abyss.
You visited 1 branch of the dungeon, and saw 1 of its levels.
You visited the Abyss 1 time.

You collected 17 gold pieces.

Inventory:

Hand Weapons
 a - a +0 war axe (weapon)
Missiles
 d - a throwing net (quivered)
 e - 19 stones
Armour
 b - a +0 leather armour (worn)
 c - a +0 helmet (worn)
Scrolls
 f - a scroll of amnesia {unknown}


   Skills:
 - Level 2.0 Fighting
 + Level 3.0 Axes
 - Level 1.7 Throwing
 - Level 2.6 Dodging


You couldn't memorise any spells.
You didn't know any spells.
Your spell library was empty.

Dungeon Overview and Level Annotations

Branches:
Dungeon (1/15)

Altars:


Message History

You aren't carrying any potions.
Unknown command.
Throw: 3 throwing nets
Press: ? - help, Shift-Dir - straight line, f - kobold
Aim: a kobold, wielding a +2 short sword of distortion (51% to hit)
You throw a throwing net.
The throwing net closely misses the kobold.
Throw: 2 throwing nets
Press: ? - help, Shift-Dir - straight line, f/p - kobold
Aim: a kobold, wielding a +2 short sword of distortion (51% to hit)
You throw a throwing net.
The throwing net closely misses the kobold.
The kobold hits you but does no damage.
You are cast into the Abyss!
To return, you must find a gate leading back.
Killing monsters will force the Abyss to allow you passage.
This branch contains the abyssal rune of Zot.
A white imp comes into view.
The white imp shouts!
The white imp gestures at you. The puff of frost hits you!
Ouch! That really hurt!
The white imp laughs crazily.
You are too injured to fight recklessly!
You hit the white imp.
The white imp is heavily wounded.
The white imp closely misses you.
You hit the white imp.
The white imp is almost dead.
The white imp closely misses you.
You hit the white imp.
You kill the white imp!
That felt strangely unrewarding.
A rime drake is nearby!
A rime drake is nearby!
The rime drake hisses angrily.
The rime drake breathes ice at you. The flash freeze hits you!!
Ouch! That really hurt!
You die...

# # ## . . # #... #.
..#.. #. . #.#.###
###.#.##.#.#. ##
#.....#..#... ..#
.##...#.##.#.#.###...#
.............#..@..#
....#..#..#.##....# .
#..#...#..k.#..#.#
#...#..#........# #
#...#...#...#..... ..
. #...#.#.#..#...##. .
.#.##...#####.###..
#... ...## ..# ##. #..
#.#. ..#


You could see a rime drake (catching breath).

Vanquished Creatures
  A white imp (Abyss:1)
  A dart slug (D:1)
  A bat (D:1)
  A frilled lizard (D:1)
4 creatures vanquished.

Notes
Turn   | Place    | Note
-------+----------+-------------------------------------------
     0 | D:1      | dolemite99 the Demonspawn Gladiator began the quest for the
                  | Orb.
     0 | D:1      | Reached XP level 1. HP: 16/16 MP: 1/1
    93 | D:1      | Reached skill level 3 in Axes
   161 | D:1      | Cast into level 1 of the Abyss (kobold)
   227 | Abyss:1  | Noticed a rime drake
   227 | Abyss:1  | a shapeshifter changed into a rime drake
   236 | Abyss:1  | Killed from afar by a rime drake (shapeshifter)

Illustrated notes

Levels and vault maps discovered:
D:1:      dpeg_arrival_boxes_within_box, layout_basic,
          nicolae_ecumenical_snake_handling
Abyss:1:  base:
Temple

Skill      XL: |  1 |
---------------+----+-----
Axes           | 3 |  3.0
Fighting       | |  2.0
Throwing       | |  1.7
Dodging        | |  2.6

Action                   || total
-------------------------++-------
Melee: War axe           ||     7
Throw: Throwing net      ||     2
 Stab: Sleeping          ||     1
Armor: Leather armour    ||     1
Dodge: Dodged            ||     4
